 Dungeon Crawl Stone Soup version 0.22.0-18-ge075c0d (webtiles) character file.

650 sw3dish the Skirmisher (level 7, 0/44 HPs)
             Began as a Gargoyle Gladiator on Aug 18, 2018.
             Was an Initiate of Makhleb.
             Slain by an ogre
             ... wielding a cursed +0 giant club
              (9 damage)
             ... on level 6 of the Dungeon.
             The game lasted 00:08:09 (5174 turns).

sw3dish the Skirmisher (Gargoyle Gladiator)         Turns: 5174, Time: 00:08:09

Health: 0/44       AC: 15    Str: 20    XL:     7   Next: 53%
Magic:  7/7        EV: 14    Int:  8    God:    Makhleb [......]
Gold:   142        SH:  0    Dex: 16    Spells: 6/6 levels left

rFire    . . .     SeeInvis .   a - +1 war axe
rCold    . . .     Gourm    .   (no shield)
rNeg     + . .     Faith    .   k - +0 chain mail
rPois    ∞         Spirit   .   c - +0 helmet
rElec    +         Reflect  .   (no cloak)
rCorr    .         Harm     .   (no gloves)
MR       +....                  (no boots)
Stlth    ..........             (no amulet)
HPRegen  0.14/turn              b - ring of protection from magic
MPRegen  0.10/turn              (no ring)

@: agile
A: negative energy resistance 1, electricity resistance, unbreathing,
petrification resistance, rot immunity, AC +4
a: Renounce Religion


You were on level 6 of the Dungeon.
You worshipped Makhleb.
Makhleb was noncommittal.
You were hungry.

You visited 2 branches of the dungeon, and saw 8 of its levels.

You collected 142 gold pieces.

Inventory:

Hand Weapons
 a - a +1 war axe (weapon)
Missiles
 d - 3 throwing nets (quivered)
Armour
 c - a +0 helmet (worn)
 k - a +0 chain mail (worn)
 u - the +0 helmet "Doqiz" {-Tele rElec rPois Int+5}
   (You found it on level 6 of the Dungeon)

   It affects your intelligence (+5).
   It insulates you from electricity.
   It protects you from poison.
   It prevents most forms of teleportation.
Jewellery
 b - a ring of protection from magic (left hand)
Wands
 t - a wand of flame (22)
Scrolls
 h - a scroll of identify
 i - a scroll of enchant armour {unknown}
 j - 3 scrolls of remove curse
 m - 2 scrolls of magic mapping {unknown}
 n - a scroll of teleportation {unknown}
 q - a scroll of enchant weapon
Potions
 e - a potion of brilliance {unknown}
 g - a potion of lignification {unknown}
 l - a potion of might {unknown}
 o - a potion of agility
 p - 2 potions of mutation
 r - a potion of flight {unknown}
 s - a potion of haste {unknown}
 v - a potion of heal wounds {unknown}
Comestibles
 f - 12 rations


   Skills:
 * Level 5.4 Fighting
 * Level 4.9 Axes
 - Level 1.7 Throwing
 + Level 3.2 Armour
 + Level 3.5 Dodging


You had 6 spell levels left.
You didn't know any spells.
Your spell library was empty.

Dungeon Overview and Level Annotations

Branches:
Dungeon (7/15)             Temple (1/1) D:5

Altars:
Ashenzari
Cheibriados
Dithmenos
Elyvilon
Fedhas
Gozag
Hepliaklqana
Kikubaaqudgha
Makhleb
Nemelex Xobeh
Okawaru
Ru
Trog
Uskayaw
Xom
Yredelemnul
Zin
The Shining One
Jiyva

Shops:
D:5 (   D:7 (

Annotations:
D:4 Pikel


Innate Abilities, Weirdness & Mutations

You are resistant to torment.
Your stone body is resilient. (AC +4)
You are immune to poison.
You resist negative energy. (rN+)
You are resistant to electric shocks. (rElec)
You can survive without breathing.
You are immune to petrification.
You are immune to rotting.


Message History

HP restored.
There is a stone staircase leading up here.
You climb upwards.
The ogre closely misses you.
There is a stone staircase leading down here.
Your chain mail prevents you from hitting the ogre.
The ogre hits you with a giant club.
You slash the ogre!
The ogre is moderately wounded.
The ogre hits you with a giant club.
You completely miss the ogre.
The ogre is moderately wounded.
The ogre hits you with a giant club!!
You barely miss the ogre.
The ogre is moderately wounded.
The ogre hits you with a giant club!
* * * LOW HITPOINT WARNING * * *
It was a potion of agility.
You feel agile all of a sudden. The ogre hits you with a giant club!
You die...

# #. ### ##...(.
#.#.#.# ### ......
..#
#.#.#.#.##########.#
............c...c#.#
.#.#$#(########O#.#
................@#.#
#.#%#.#.#####......#
.....% #......# #.#
#.#####......# #.
.............######
#
#######............
...........#####
#####......#######
######.......#


You could see an ogre and a centaur.

Vanquished Creatures
  A black bear (D:3)
  A phantom (D:6)
  A centaur (D:5)
  A howler monkey (D:5)
  A crimson imp (D:5)
  A hound (D:6)
  2 iguanas
  3 worker ants
  An orc wizard (D:4)
  A killer bee zombie (D:5)
  A hound skeleton (D:5)
  A worker ant zombie (D:5)
  An adder zombie (D:5)
  A worm (D:2)
  2 dart slugs (D:1)
  3 leopard geckos
  12 orcs
  3 giant cockroaches
  8 hobgoblins
  2 jackals (D:2)
  6 kobolds
  4 quokkas
  6 bats
  5 frilled lizards
  8 goblins
  8 rats
84 creatures vanquished.

Notes
Turn   | Place    | Note
-------+----------+-------------------------------------------
     0 | D:1      | sw3dish the Gargoyle Gladiator began the quest for the Orb.
     0 | D:1      | Reached XP level 1. HP: 12/12 MP: 1/1
   286 | D:1      | Reached XP level 2. HP: 17/18 MP: 2/2
   714 | D:1      | Reached XP level 3. HP: 22/22 MP: 3/3
   794 | D:1      | Reached skill level 1 in Armour
  1071 | D:2      | Reached skill level 3 in Fighting
  1258 | D:2      | Reached XP level 4. HP: 13/28 MP: 4/4
  1632 | D:2      | Found a blossoming altar of Fedhas.
  2486 | D:3      | Reached XP level 5. HP: 32/32 MP: 5/5
  2692 | D:3      | Noticed a black bear
  2706 | D:3      | Killed a black bear
  2706 | D:3      | Reached skill level 4 in Fighting
  2926 | D:4      | Reached XP level 6. HP: 26/38 MP: 6/6
  3063 | D:4      | Noticed a slave
  3064 | D:4      | Noticed a slave
  3065 | D:4      | Noticed Pikel
  3079 | D:5      | Entered Level 5 of the Dungeon
  3079 | D:5      | Found a shimmering altar of Xom.
  3117 | D:5      | Found a shimmering altar of Xom.
  3119 | D:5      | Found a shimmering altar of Xom.
  3120 | D:5      | Found a shimmering altar of Xom.
  3164 | D:5      | Found Riprow's Antique Weapon Shop.
  3237 | D:5      | Found a hide-covered altar of Uskayaw.
  3270 | D:5      | Found a white marble altar of Elyvilon.
  3495 | D:5      | Found a snail-covered altar of Cheibriados.
  3677 | D:5      | Reached skill level 5 in Fighting
  3677 | D:5      | Reached XP level 7. HP: 39/44 MP: 7/7
  3828 | D:5      | Found a glowing silver altar of Zin.
  3833 | D:5      | Found an opulent altar of Gozag.
  3952 | D:5      | Found a staircase to the Ecumenical Temple.
  3962 | Temple   | Entered the Ecumenical Temple
  4110 | Temple   | Became a worshipper of Makhleb the Destroyer
  4629 | D:6      | Found a sacrificial altar of Ru.
  4629 | D:6      | Found a shadowy altar of Dithmenos.
  4683 | D:6      | Got a faintly humming helmet
  4828 | D:6      | Identified the +0 helmet "Doqiz" {-Tele rElec rPois Int+5} (You found it on level 6 of the Dungeon)
  5023 | D:7      | Found Zecovoz's Weapon Boutique.
  5174 | D:6      | Slain by an ogre

Skill      XL: |  1  2  3  4  5  6  7 |
---------------+----------------------+-----
Axes           | 3 4 |  4.9
Armour         | 1 2 3 |  3.2
Fighting       | 3 4 5 |  5.4
Dodging        | 3 |  3.5
Throwing       | |  1.7

Action                   |  1- 3 |  4- 6 |  7- 9 || total
-------------------------+-------+-------+-------++-------
Melee: War axe           |   113 |   215 |    59 ||   387
  Use: Scroll            |       |       |     3 ||     3
       Potion            |       |       |     1 ||     1
  Eat: Chunk             |     1 |     7 |     2 ||    10
       Ration            |       |       |     1 ||     1
Armor: Leather armour    |    45 |       |       ||    45
       Ring mail         |       |    19 |       ||    19
       Chain mail        |       |   146 |    29 ||   175
Dodge: Dodged            |    78 |   115 |    33 ||   226
